Map: Cactus Valley LE (Void)

Players

Harstem - Winner!

  • Race: Protoss Protoss
  • Spawn Location: 11:00

TheoRy

  • Race: Protoss Protoss
  • Spawn Location: 5:00

Event: WCS Austin 2017

VOD

Have the link to the VOD?

Description

Time

  • Played on: April 28, 2017, 4:33 p.m.
  • Length: 6:21

All games in this series

Show
View Real Time Build Order
Export as new Build Order

Harstem Protoss - Winner!

Build Orders:  

Get SALT Encoding   

  12  0:01  Probe (Chrono Boost)  
  13  0:12  Probe (Chrono Boost)  
  14  0:18  Pylon  
  14  0:22  Probe (Chrono Boost)  
  15  0:36  Probe (Chrono Boost)  
  15  0:37  Gateway  
  16  0:47  Probe (Chrono Boost)  
  16  0:48  Assimilator  
  17  0:52  Assimilator  
  17  0:57  Probe (Chrono Boost)  
  18  1:05  Gateway  
  18  1:08  Probe (Chrono Boost)  
  19  1:18  Probe (Chrono Boost)  
  19  1:25  Cybernetics Core  
  20  1:29  Probe (Chrono Boost)  
  21  1:33  Pylon  
  21  1:40  Probe (Chrono Boost)  
  21  1:47  Warp Gate  
  22  1:51  Probe (Chrono Boost)  
  23  2:01  Adept x2  
  27  2:08  Mothership Core (Chrono Boost)  
  29  2:10  Pylon  
  29  2:28  Stalker x2  
  33  2:35  Pylon  
  33  2:53  Gateway  
  33  2:58  Stalker  
  35  2:59  Stalker  
  37  3:29  Nexus  
  37  3:53  Stalker x3  
  43  4:04  Robotics Facility  
  43  4:12  Probe (Chrono Boost)  
  44  4:26  Probe (Chrono Boost)  
  44  4:30  Sentry  
  45  4:34  Pylon  
  45  4:37  Adept  
  46  4:38  Probe (Chrono Boost)  
  46  4:40  Pylon  
  46  4:45  Probe (Chrono Boost)  
  47  4:48  Observer  
  47  4:50  Probe (Chrono Boost)  
  47  4:55  Probe (Chrono Boost), Adept  
  50  5:03  Sentry  
  52  5:15  Probe (Chrono Boost)  
  52  5:16  Observer, Probe (Chrono Boost)  
  55  5:21  Pylon  
  55  5:22  Adept x2  
  55  5:26  Probe (Chrono Boost)  
  55  5:27  Probe (Chrono Boost)  
  61  5:37  Probe (Chrono Boost)  
  61  5:38  Probe (Chrono Boost)  
  63  5:47  Probe (Chrono Boost)  
  64  5:53  Stalker x3  
  70  6:01  Probe x2 (Chrono Boost)  
  68  6:07  Pylon  
Show
View Real Time Build Order
Export as new Build Order

TheoRy Protoss 

Build Orders: Dark Templar Rush 

Get SALT Encoding   

  12  0:01  Probe (Chrono Boost)  
  13  0:11  Probe (Chrono Boost)  
  14  0:18  Pylon  
  14  0:22  Probe (Chrono Boost)  
  15  0:36  Probe (Chrono Boost)  
  15  0:39  Gateway  
  16  0:44  Assimilator  
  16  0:47  Probe (Chrono Boost)  
  17  0:58  Probe (Chrono Boost)  
  17  0:59  Assimilator  
  18  1:08  Probe (Chrono Boost)  
  19  1:11  Gateway  
  19  1:19  Probe (Chrono Boost)  
  20  1:26  Cybernetics Core  
  20  1:30  Probe (Chrono Boost)  
  21  1:34  Pylon  
  21  1:40  Probe (Chrono Boost)  
  22  1:51  Probe (Chrono Boost)  
  23  2:02  Probe (Chrono Boost), Warp Gate, Adept x2  
  28  2:11  Pylon  
  28  2:19  Mothership Core (Chrono Boost)  
  30  2:31  Twilight Council  
  30  2:38  Probe (Chrono Boost)  
  31  2:48  Probe (Chrono Boost)  
  32  2:59  Probe (Chrono Boost)  
  33  3:10  Nexus  
  33  3:12  Dark Shrine  
  32  3:21  Gateway  
  32  3:30  Probe (Chrono Boost)  
  33  3:35  Pylon  
  33  3:46  Pylon  
  33  3:53  Probe (Chrono Boost)  
  34  4:03  Pylon  
  34  4:17  Zealot x2  
  36  4:24  Dark Templar  
  36  4:37  Dark Templar  
  38  4:38  Dark Templar  
  38  4:43  Probe (Chrono Boost)  
  41  4:57  Gateway  
  41  5:06  Dark Templar  
  44  5:08  Probe (Chrono Boost)  
  44  5:14  Dark Templar  
  41  5:20  Probe (Chrono Boost)  
  40  5:24  Nexus  
  40  5:29  Pylon  
  40  5:32  Probe (Chrono Boost)  
  41  5:40  Gateway  
  41  5:43  Adept  
  41  5:44  Probe (Chrono Boost)  
  35  5:57  Adept  
  35  5:59  Adept  
  36  6:04  Adept  
Tags
 
Add a new tag
Caveats
  • Supply blocks, unpowered buildings, or Contaminate may cause inaccurate times.
  • Supply counts are checked every 10 seconds.